 Dungeon Crawl Stone Soup version 0.26.0-10-g1f06aea511 (webtiles) character file.

Game seed: 11124994277488229055

18408 Arum the Grappler (level 12, -17/110 (113) HPs)
             Began as a Ghoul Gladiator on Jan 20, 2021.
             Was a High Priest of Ru.
             Demolished by a meliai
             ... wielding a +0 war axe of electrocution
              (19 damage)
             ... on level 13 of the Dungeon.
             The game lasted 00:16:54 (12719 turns).

Arum the Grappler (Ghoul Gladiator)                Turns: 12719, Time: 00:16:55

HP:   -17/110 (113) AC: 11    Str: 29    XL:     12   Next: 58%
MP:   11/11         EV: 17    Int:  3    God:    Ru [*****.]
Gold: 1185          SH:  5    Dex: 10    Spells: 11/11 levels left

rFire    . . .     SeeInvis .     - Unarmed
rCold    + . .     Faith    .   (shield unavailable)
rNeg     + + +     Spirit   .   D - +3 leather armour {Will+}
rPois    ∞         Reflect  +   b - +1 helmet
rElec    .         Harm     .   s - +2 cloak
rCorr    .         Rampage  .   (no gloves)
Will     +....                  (no boots)
Stlth    +.........             d - amulet of reflection
HPRegen  0.00/turn              (ring unavailable)
MPRegen  0.12/turn              C - +6 ring of strength

@: exhausted, lightly drained
A: claws 1, cold resistance 1, negative energy resistance 3, inhibited
regeneration, torment resistance, unbreathing, missing a hand, inability to use
devices
a: Renounce Religion, Draw Out Power, Power Leap, Apocalypse


You were on level 13 of the Dungeon.
You worshipped Ru.
Ru was extremely pleased with you.
You visited 2 branches of the dungeon, and saw 14 of its levels.
You also visited: Sewer.

You collected 1185 gold pieces.

Inventory:

Missiles
 c - 4 throwing nets (quivered)
Armour
 b - a +1 helmet (worn)
 s - a +2 cloak (worn)
 A - a +1 hat
 D - a +3 leather armour of willpower (worn)
Jewellery
 d - an amulet of reflection (around neck)
 k - the ring "Nyxze" {Fire Str+2 Int+6}
   (You found it on level 12 of the Dungeon)

   [ring of fire]

   It enhances your fire magic.
   It affects your strength (+2).
   It affects your intelligence (+6).
   It protects you from fire.
   It makes you vulnerable to cold.
 n - an uncursed ring of willpower
 q - an uncursed ring of flight {unknown}
 t - an uncursed ring of willpower
 C - a +6 ring of strength (right claw)
Scrolls
 f - 4 scrolls of fog
 h - 10 scrolls of teleportation
 i - 2 scrolls of immolation
 m - 4 scrolls of remove curse
 o - a scroll of noise
 u - 3 scrolls of amnesia
 v - a scroll of enchant weapon {unknown}
 y - a scroll of fear
 B - 3 scrolls of blinking
 F - a scroll of random uselessness
Potions
 a - 10 potions of curing
 e - 6 potions of brilliance
 g - 5 potions of ambrosia
 j - 2 potions of attraction
 l - 9 potions of heal wounds
 p - a potion of cancellation
 r - a potion of invisibility
 w - 3 potions of might {unknown}
 z - 5 potions of flight {unknown}
 G - 3 potions of lignification {unknown}
 I - 2 potions of magic {unknown}


   Skills:
 + Level 12.7 Fighting
 - Level 1.7 Throwing
 + Level 11.1 Dodging
 + Level 13.0 Unarmed Combat


You had 11 spell levels left.
You didn't know any spells.
Your spell library contained the following spells:

 Spells                   Type           Power        Failure   Level
 Corona                   Hex            0%           56%         1
 Poisonous Vapours        Pois/Air       0%           71%         2
 Slow                     Hex            0%           71%         2
 Conjure Flame            Conj/Fire      0%           90%         3
 Inner Flame              Hex/Fire       0%           90%         3
 Mephitic Cloud           Conj/Pois/Air  0%           90%         3
 Portal Projectile        Hex/Tloc       0%           90%         3
 Cause Fear               Hex            0%           100%        4
 Leda's Liquefaction      Hex/Erth       0%           100%        4
 Silence                  Hex/Air        0%           100%        5
 Yara's Violent Unravell  Hex/Tmut       0%           100%        5
 Freezing Cloud           Conj/Ice/Air   0%           100%        6
 Discord                  Hex            0%           100%        8


Dungeon Overview and Level Annotations

Branches:
Dungeon (13/15)            Temple (1/1) D:6            Lair (0/6) D:11
    Orc (0/2) D:9           Sewer (visited)
 Vaults: D:13-14

Altars:
Ashenzari
Cheibriados
Dithmenos
Elyvilon
Fedhas
Gozag
Hepliaklqana
Kikubaaqudgha
Makhleb
Nemelex Xobeh
Okawaru
Qazlal
Ru
Sif Muna
Trog
Uskayaw
Vehumet
Wu Jian
Xom
Yredelemnul
Zin
The Shining One

Shops:
D:4 *   D:7 (   D:9 (   D:12 (


Innate Abilities, Weirdness & Mutations

You thrive by killing the living.
You are immune to poison.
You have sharp fingernails.
Your flesh is cold resistant. (rC+)
You are immune to negative energy. (rN+++)
You do not regenerate when monsters are visible.
You are immune to unholy pain and torment.
You can survive without breathing.
You are missing a hand.
You cannot study or use magical devices.


Message History

The meliai hits you but does no damage. The meliai barely misses you.
The meliai begins to pray, but is stunned by your conviction!
The meliai hits you with a +0 hand axe.
* * * LOW HITPOINT WARNING * * *
You focus your inner power and illuminate the meliai in retribution!
The meliai stings you but does no damage.
You closely miss the meliai.
The meliai is lightly wounded.
The meliai calls down the wrath of its god upon you.
Something smites you!
* * * LOW HITPOINT WARNING * * *
The meliai begins to pray, but is stunned by your conviction!
You redirect the meliai's attack!
The meliai closely misses itself. x2
You barely miss the meliai. The meliai completely misses you.
The meliai barely misses you.
The meliai hits you with a +0 war axe of electrocution.
* * * LOW HITPOINT WARNING * * *
You are electrocuted!!
You die...

#....)))>.......
#.#####)##.#####
#(# # #(# #.#
#.# #.#
#.#########
#@).......#
#yy######.# #..#
#..# #..#
######..####
#..........#
..####..##.###.
#.........


You could see 2 meliai.

Vanquished Creatures
  The ghost of Ycigyrier the Severer, a journeyman HOFi of Beogh (D:12)
  A yaktaur captain (D:13)
  A centaur warrior (D:13)
  3 two-headed ogres
  A queen ant (D:11)
  An unseen horror (D:12)
  A sea snake (shapeshifter) (D:12)
  2 rime drakes (D:12)
  An ice devil (D:12)
  3 yaktaurs
  A meliai (D:13)
  2 hornets
  3 centaur simulacra (D:12)
  A vampire (D:8)
  17 yaks
  4 wyverns
  A steam dragon (D:12)
  Edmund (D:4)
  14 soldier ants
  4 water moccasins
  A meliai simulacrum (D:12)
  4 orc warriors
  2 ice beasts
  A black bear (D:13)
  An eye of draining (D:12)
  A sky beast (D:7)
  2 phantoms
  3 ogres (D:6)
  3 centaurs
  4 bullfrogs
  A hornet simulacrum (D:12)
  A water moccasin skeleton (D:10)
  2 scorpions (D:6)
  A quasit (D:9)
  A jelly (D:6)
  5 orc priests
  2 bullfrog skeletons
  3 centaur skeletons
  6 hounds
  4 iguanas
  5 orc wizards
  34 worker ants
  3 bullfrog simulacra (D:12)
  10 adders
  3 white imps
  3 ufetubi
  3 oozes
  An adder skeleton (D:8)
  An adder zombie (D:9)
  2 worms
  2 dart slugs
  9 leopard geckos
  39 orcs
  5 ball pythons
  7 bats
  11 giant cockroaches
  6 goblins
  8 hobgoblins
  8 jackals
  5 quokkas
  4 frilled lizards
  29 kobolds
  A leopard gecko skeleton (D:7)
  A leopard gecko zombie (D:5)
  11 rats
322 creatures vanquished.

Vanquished Creatures (others)
  A boulder beetle (D:11)
  A komodo dragon (D:13)
  A water moccasin (D:11)
  4 fungi (D:11)
  20 plants
  4 toadstools (D:1)
31 creatures vanquished.

Grand Total: 353 creatures vanquished

Notes
Turn   | Place    | Note
-------+----------+-------------------------------------------
     0 | D:1      | Arum the Ghoul Gladiator began the quest for the Orb.
     0 | D:1      | Reached XP level 1. HP: 17/17 MP: 0/0
   343 | D:1      | Reached XP level 2. HP: 25/25 MP: 1/1
  1019 | D:2      | Reached XP level 3. HP: 25/30 MP: 2/2
  1623 | D:2      | Reached skill level 4 in Unarmed Combat
  1754 | D:2      | Reached XP level 4. HP: 37/38 MP: 3/3
  2543 | D:4      | Reached XP level 5. HP: 7/45 MP: 4/4
  2631 | D:4      | Found Hiykueb's Assorted Antiques.
  2715 | D:4      | Found a glowing drain.
  2729 | Sewer    | Entered a sewer
  3511 | D:4      | Reached XP level 6. HP: 44/52 MP: 5/5
  3755 | D:5      | Entered Level 5 of the Dungeon
  3755 | D:5      | Noticed Edmund
  4100 | D:4      | Killed Edmund
  4101 | D:4      | Reached skill level 5 in Unarmed Combat
  4498 | D:5      | Reached XP level 7. HP: 60/60 MP: 6/6
  4536 | D:5      | Found an ancient bone altar of Kikubaaqudgha.
  4763 | D:5      | Found a shimmering blue altar of Sif Muna.
  4823 | D:5      | Reached skill level 5 in Fighting
  5034 | D:6      | Reached skill level 5 in Dodging
  5153 | D:6      | Reached skill level 6 in Unarmed Combat
  5448 | D:6      | Reached XP level 8. HP: 70/70 MP: 7/7
  5812 | D:6      | Reached skill level 7 in Unarmed Combat
  6293 | D:6      | Found a staircase to the Ecumenical Temple.
  6308 | Temple   | Entered the Ecumenical Temple
  6559 | Temple   | Became a worshipper of Ru the Awakened
  6825 | D:7      | Found Alacw's Antique Weapon Shop.
  7038 | D:7      | Found a shimmering altar of Xom.
  7063 | D:7      | Reached XP level 9. HP: 79/79 MP: 8/8
  7597 | D:8      | Found a glowing silver altar of Zin.
  7597 | D:8      | Found a hazy altar of Hepliaklqana.
  7597 | D:8      | Found a broken altar of Ashenzari.
  7611 | D:8      | Reached skill level 8 in Unarmed Combat
  7697 | D:8      | Noticed a two-headed ogre
  7707 | D:8      | Killed a two-headed ogre
  7843 | D:8      | Gained mutation: You are missing a hand. [Ru sacrifice]
  7843 | D:8      | Reached * piety under Ru
  7843 | D:8      | Reached ** piety under Ru
  7843 | D:8      | Reached *** piety under Ru
  7914 | D:8      | You fall into a shaft and drop 1 floor!
  8010 | D:9      | Found a burning altar of Makhleb.
  8010 | D:9      | Noticed a blizzard demon
  8015 | D:9      | Noticed a smoke demon
  8015 | D:9      | Noticed an orange demon
  8089 | D:9      | Reached skill level 9 in Unarmed Combat
  8166 | D:9      | Reached XP level 10. HP: 26/91 MP: 9/9
  8793 | D:9      | Found a staircase to the Orcish Mines.
  8799 | D:9      | Found Jyaps's Weapon Boutique.
  8925 | D:10     | Entered Level 10 of the Dungeon
  8958 | D:10     | Noticed a two-headed ogre
  8967 | D:10     | Killed a two-headed ogre
  8968 | D:10     | Reached skill level 10 in Unarmed Combat
  9173 | D:10     | Reached skill level 10 in Fighting
  9534 | D:11     | Noticed a two-headed ogre
  9545 | D:11     | Killed a two-headed ogre
  9551 | D:11     | Reached XP level 11. HP: 80/101 MP: 10/10
  9696 | D:11     | Noticed a queen ant
  9721 | D:11     | Killed a queen ant
  9722 | D:11     | Reached skill level 11 in Unarmed Combat
  9893 | D:11     | Gained mutation: You cannot study or use magical devices.
                  | [Ru sacrifice]
  9893 | D:11     | Reached **** piety under Ru
  9893 | D:11     | Reached ***** piety under Ru
 10201 | D:11     | Noticed a boulder beetle
 10218 | D:11     | Killed a boulder beetle
 10219 | D:11     | Reached skill level 10 in Dodging
 10553 | D:11     | Reached skill level 12 in Unarmed Combat
 10702 | D:11     | Found a staircase to the Lair.
 11000 | D:12     | Noticed Ycigyrier's ghost (journeyman HOFi)
 11267 | D:12     | Found Afyuwnac's Antique Weapon Shop.
 11383 | D:12     | Found a runed translucent door.
 11420 | D:12     | Killed an unseen horror
 11421 | D:12     | Reached XP level 12. HP: 112/112 MP: 11/11
 11428 | D:12     | Found a runed translucent gate.
 11428 | D:12     | Found a runed translucent gate.
 11428 | D:12     | Found a runed translucent gate.
 11711 | D:12     | Noticed a fire dragon
 11711 | D:12     | a wolf spider changed into a fire dragon
 11714 | D:12     | Noticed an alligator
 11714 | D:12     | a fire dragon changed into an alligator
 11717 | D:12     | an alligator changed into a tyrant leech
 11720 | D:12     | Noticed a shock serpent
 11720 | D:12     | a slime creature changed into a shock serpent
 11721 | D:12     | a shock serpent changed into a death drake
 11822 | D:12     | Killed Ycigyrier's ghost
 12091 | D:12     | Got the ring "Nyxze" {Fire}
 12503 | D:13     | Noticed a centaur warrior
 12506 | D:13     | Noticed a yaktaur captain
 12516 | D:13     | Killed a centaur warrior
 12527 | D:13     | Killed a yaktaur captain
 12715 | D:13     | Reached skill level 13 in Unarmed Combat
 12719 | D:13     | HP: 2/110 [meliai/+0 war axe of electrocution (6)]
 12719 | D:13     | Demolished by a meliai

Illustrated notes

Levels and vault maps discovered:
D:1:      ldierk_walled_garden_2, layout_loops_ring, minmay_pentomino_p2
D:2:      layout_loops_cross
D:3:      layout_rooms
D:4:      layout_basic, gup_sewer_entry_pipe, serial_shops, kennysheep_mini,
          hangedman_abyss_or_decor_passed
D:5:      layout_cave_pools, basic_altar, lemuel_blue_sif_altar, uniq_edmund
D:6:      layout_loops_corners, minmay_temple_entry_proselytizer, chequers_jeans
D:7:      layout_basic, kennysheep_mini_moat, serial_shops, shop_coins
D:8:      layout_basic, chequers_temple_overflow_statue_of_worship
D:9:      layout_gridville, orc_david_3, enter_bailey_2,
          makhleb_altar_promises_db
D:10:     layout_cross
D:11:     layout_small_grid, minmay_lair_entry_grove, zaba_anthell
D:12:     layout_basic, serial_shops, shop_statue, gammafunk_ghost_icy,
          wad_hexagon
D:13:     layout_loops_ring, david_vaults_2
Temple:   eino_narrow_crystal_temple

Skill      XL: |  1  2  3  4  5  6  7  8  9 10 11 12 |
---------------+-------------------------------------+-----
Dodging        | 3 4 5 6 7 9 10 11 | 11.1
Fighting       | 3 4 5 7 9 10 12 | 12.7
Unarmed Combat | 4 5 6 7 9 10 12 13 | 13.0
Throwing       | |  1.7

Action                   |  1- 3 |  4- 6 |  7- 9 | 10-12 || total
-------------------------+-------+-------+-------+-------++-------
Melee: Unarmed           |   118 |   267 |   299 |   568 ||  1252
       Punch             |     2 |     6 |     5 |       ||    13
Invok: Sacrifice a Hand  |       |       |     1 |       ||     1
       Sacrifice Artific |       |       |       |     1 ||     1
       Draw Out Power    |       |       |       |     2 ||     2
Evoke: Wand              |       |       |     6 |     3 ||     9
  Use: Scroll            |       |       |    15 |       ||    15
       Potion            |       |       |       |     6 ||     6
 Stab: Paralysed         |       |       |       |     2 ||     2
       Distracted        |       |       |       |     2 ||     2
       Invisible         |       |       |       |     8 ||     8
Armor: Leather armour    |    31 |    27 |    71 |   104 ||   233
       Ring mail         |       |    45 |       |       ||    45
Dodge: Dodged            |    67 |   155 |   182 |   351 ||   755
Block: Other             |     6 |    47 |    51 |   110 ||   214
       Reflection        |       |     5 |     1 |     3 ||     9
